 Dungeon Crawl Stone Soup version 0.19-a0-36-g4a0968a (webtiles) character file.

729 M4edhros the Covert (level 7, 0/43 HPs)
             Began as an Octopode Artificer on May 4, 2016.
             Was a Follower of Okawaru.
             Slain by Grinder (7 damage)
             ... on level 5 of the Dungeon.
             The game lasted 00:07:31 (4497 turns).

M4edhros the Covert (Octopode Artificer)            Turns: 4497, Time: 00:07:32

Health: 0/43       AC:  1    Str: 11    XL:     7   Next: 73%
Magic:  9/9        EV: 12    Int: 14    God:    Okawaru [*.....]
Gold:   288        SH:  0    Dex: 14    Spells: 0 memorised, 6 levels left

rFire  . . .     SeeInvis .     v - -3 eveningstar (distort)
rCold  . . .     Gourm    .     (no shield)
rNeg   . . .     Faith    .     (helmet restricted)
rPois  .         Spirit   .     (no amulet)
rElec  .         Dismiss  .     (no ring)
rCorr  .         Reflect  .     (no ring)
SustAt .         Harm     .     (no ring)
MR     .....                    (no ring)
Stlth  +++++.....               (no ring)
                                (no ring)
                                (no ring)
                                (no ring)

@: not resistant to hostile enchantments, quite stealthy
A: almost no armour, amphibious, 8 rings, constrict 8, camouflage 1, gelatinous
body 1
a: Heroism, Renounce Religion


You were on level 5 of the Dungeon.
You worshipped Okawaru.
Okawaru was aware of your devotion.
You were hungry.

You visited 1 branch of the dungeon, and saw 5 of its levels.

You collected 288 gold pieces.

Inventory:

Hand Weapons
 a - a +0 short sword
 l - a +3 hunting sling of evasion
 v - a -3 eveningstar of distortion (weapon)
Missiles
 j - 15 sling bullets
 p - 245 stones (quivered)
Jewellery
 u - a +1 ring of evasion {unknown}
Wands
 b - a wand of flame (12/48)
 c - a wand of enslavement (14/24)
 d - a wand of random effects (43/48)
 n - a wand of flame (15/48)
Scrolls
 o - a scroll of random uselessness
 t - a scroll of fog
Potions
 h - a potion of flight
 m - a potion of curing
 q - a potion of might
 r - a potion of cancellation
 s - a potion of agility
Comestibles
 f - 3 bread rations
 g - 4 fruits
 i - a beef jerky


   Skills:
 * Level 1.0 Fighting
 - Level 1.0 Short Blades
 + Level 0.4 Maces & Flails
 - Level 5.5 Slings
 + Level 2.0 Dodging
 - Level 8.4 Stealth
 - Level 3.2 Evocations


You had 6 spell levels left.
You didn't know any spells.

Dungeon Overview and Level Annotations

Branches:
Dungeon (5/15)
 Temple: D:4-7

Altars:
Okawaru
Pakellas
Xom

Annotations:
D:4 Pikel
D:5 Grinder


Innate Abilities, Weirdness & Mutations

You cannot wear most types of armour.
You are amphibious.
You can wear up to eight rings at the same time.
You can use your tentacles to constrict eight enemies at once.
Your skin changes colour to match your surroundings (Stealth).
Your rubbery body absorbs attacks (AC +1).


Message History

You barely miss the orc. You grab the orc.
The orc is severely wounded.
You constrict the orc, but do no damage.
The orc hits you with a dagger.
* * * LOW HITPOINT WARNING * * *
Unknown command.
You hit the orc.
You kill the orc!
Unknown command.
You start resting.
Drink which item? (? for menu, Esc to quit)
You feel better.
You closely miss Grinder. You grab Grinder. You constrict Grinder.
Grinder gestures at you. Pain shoots through your body!
* * * LOW HITPOINT WARNING * * *
You puncture Grinder!
Space bends around Grinder.
Grinder is heavily wounded.
You constrict Grinder. Grinder closely misses you. Grinder hits you!
You die...

####.#........
#...#+#+##. #.##.....###
#.##........
#.##.....######
#.##.....# #..
####........# #.#
......#.##### #)#
#####.#.# #@#
..###.#.########5######
#.......................
#####.#.########.######.
.# ##.#.......##.# .
P###.......##.##.# ..
..########.##'##.####
... ...#
#.............#####....
..P#
#.........##.........(


You could see Grinder.

Vanquished Creatures
  Blork the orc (D:4)
  4 scorpions (D:5)
  2 hounds (D:4)
  A jelly (D:5)
  An orc priest (D:3)
  A centaur skeleton (D:4)
  2 orc wizards
  A worker ant (D:3)
  Robin (D:4)
  10 adders
  3 gnolls
  2 oozes
  4 worms
  A dart slug (D:2)
  A giant gecko (D:3)
  10 orcs
  A giant cockroach (D:1)
  11 goblins
  11 hobgoblins
  6 jackals
  11 bats
  A giant gecko skeleton (D:4)
  4 giant newts
  7 kobolds
  5 rats
  2 fungi (D:5)
104 creatures vanquished.

Notes
Turn   | Place    | Note
--------------------------------------------------------------
     0 | D:1      | M4edhros the Octopode Artificer began the quest for the Orb.
     0 | D:1      | Reached XP level 1. HP: 13/13 MP: 3/3
    51 | D:1      | Reached skill level 2 in Stealth
   165 | D:1      | Reached skill level 3 in Stealth
   165 | D:1      | Reached XP level 2. HP: 18/18 MP: 4/4
   217 | D:1      | You fall through a shaft!
   221 | D:2      | Reached skill level 4 in Stealth
   251 | D:2      | Reached XP level 3. HP: 21/23 MP: 5/5
   620 | D:2      | Reached skill level 5 in Stealth
   666 | D:2      | Found an iron altar of Okawaru.
   876 | D:2      | Became a worshipper of Warmaster Okawaru
   972 | D:1      | You fall through a shaft!
  1338 | D:3      | Reached XP level 4. HP: 28/28 MP: 6/6
  1636 | D:3      | Reached skill level 1 in Slings
  1636 | D:3      | Reached skill level 6 in Stealth
  1638 | D:3      | HP: 1/28 [orc priest/divine providence (13)]
  1884 | D:2      | Reached XP level 5. HP: 27/33 MP: 7/7
  2753 | D:3      | Reached XP level 6. HP: 23/38 MP: 8/8
  3101 | D:4      | Reached skill level 7 in Stealth
  3127 | D:4      | Noticed Robin
  3135 | D:4      | Killed Robin
  3528 | D:4      | Noticed Blork the orc
  3539 | D:4      | Killed Blork the orc
  3539 | D:4      | Reached * piety under Okawaru
  3542 | D:4      | Found an oddly glowing altar of Pakellas.
  3542 | D:4      | Found a shimmering altar of Xom.
  3542 | D:4      | Noticed a slave
  3542 | D:4      | Noticed a slave
  3542 | D:4      | Noticed a slave
  3543 | D:4      | Noticed Pikel
  3543 | D:4      | Noticed a slave
  3583 | D:5      | Entered Level 5 of the Dungeon
  3595 | D:5      | Reached XP level 7. HP: 41/43 MP: 9/9
  4025 | D:5      | Reached skill level 8 in Stealth
  4234 | D:5      | Reached skill level 5 in Slings
  4478 | D:5      | Noticed Grinder
  4480 | D:5      | Paralysed by Grinder for 7 turns
  4497 | D:5      | Slain by Grinder

Vault maps used:
D:1:      matt_arrival_grand_opening, minmay_hedge_maze, minmay_misc_feat_tiny,
          hangedman_decor_growths
D:2:      hex_medium, minivault_11, okawaru_metal_pillars_1_2
D:4:      grunt_temple_overflow_opulence, gammafunk_temple_overflow_pools,
          serial_glass, glass_columns_b, glass_columns_c, first_bread,
          st_stairs_8, kennysheep_big_empty_room, roderic_serpentine_path,
          kennysheep_nub, uniq_robin, uniq_blork_the_orc, uniq_pikel,
          uniq_natasha
D:5:      old_forge, grunt_temple_overflow_growth_and_decay, uniq_grinder

Skill      XL: |  1  2  3  4  5  6  7 |
---------------+----------------------+-----
Stealth        | 3 4 5 6 7 8 |  8.4
Slings         | 1 3 4 5 |  5.5
Fighting       | |  1.0
Short Blades   | |  1.0
Maces & Flails | |  0.4
Dodging        | |  2.0
Evocations     | |  3.2

Action                   |  1- 3 |  4- 6 |  7- 9 || total
-------------------------+-------+-------+-------++-------
Melee: Short sword       |    54 |   114 |    35 ||   203
       Tentacles         |    10 |    19 |    13 ||    42
       Constrict         |    12 |    32 |    13 ||    57
       Eveningstar       |       |       |     9 ||     9
 Fire: Hunting sling     |       |    38 |    55 ||    93
Evoke: Wand              |       |     4 |       ||     4
  Use: Potion            |     4 |     4 |     2 ||    10
       Scroll            |       |     6 |     3 ||     9
 Stab: Sleeping          |    14 |     7 |     1 ||    22
  Eat: Pizza             |     1 |       |       ||     1
       Chunk             |       |     3 |     1 ||     4
       Meat ration       |       |     1 |       ||     1
       Beef jerky        |       |       |     1 ||     1
Armor: Skin              |     7 |    12 |     4 ||    23
Dodge: Dodged            |    18 |    77 |    36 ||   131
